 Dungeon Crawl Stone Soup version bcrawl-1.21.3 (webtiles) character file.

Game seed: 9313210171918908377

97 funkygono the Twirler (level 4, 0/27 HPs)
             Began as a Skeleton Gladiator on Mar 27, 2020.
             Slain by Pikel
             ... wielding a +1 whip of flaming
              (4 damage)
             ... on level 5 of the Dungeon.
             The game lasted 00:04:45 (2186 turns).

funkygono the Twirler (Skeleton Gladiator)          Turns: 2186, Time: 00:04:46

Health: 0/27       AC:  5    Str: 21    XL:     4   Next: 42%
Magic:  0/4        EV: 13    Int:  7    God:
Gold:   265        SH:  0    Dex: 10    Spells: 3/3 levels left

rFire    . . .     SeeInvis +   a - +0 quarterstaff
rCold    + . .     Gourm    .   (shield currently unavailable)
rNeg     + + +     Faith    .   b - +1 leather armour
rPois    ∞         Spirit   +   c - +0 helmet
rElec    .         Reflect  .   (no cloak)
rCorr    .         Harm     .   (no gloves)
MR       .....                  (no boots)
Stlth    +.........             (no amulet)
HPRegen  0.09/turn              k - ring of see invisible
MPRegen  0.09/turn              (no ring)

@: no status effects
A: no food or potions, cold resistance 1, deterioration 1, negative energy
resistance 3, torment resistance, unbreathing, magic shield, sturdy frame 1,
spell healing
a: no special abilities


You were on level 5 of the Dungeon.
You were not hungry.

You visited 1 branch of the dungeon, and saw 5 of its levels.

You collected 265 gold pieces.

Inventory:

Hand Weapons
 a - a +0 quarterstaff (weapon)
Missiles
 d - 3 throwing nets (quivered) {!f}
 g - 1084 stones
Armour
 b - a +1 leather armour (worn)
 c - a +0 helmet (worn)
Jewellery
 k - a ring of see invisible (left hand)
Scrolls
 e - 7 scrolls of identify
 f - a scroll of fear
 h - 3 scrolls of remove curse
 i - 4 scrolls of teleportation
 j - a scroll of magic mapping {unknown}


   Skills:
 + Level 2.6 Fighting
 + Level 5.2 Staves
 + Level 1.9 Throwing
 + Level 3.6 Dodging
 + Level 0.1 Stealth


You had 3 spell levels left.
You didn't know any spells.
Your spell library was empty.

Dungeon Overview and Level Annotations

Branches:
Dungeon (5/12)
 Temple: D:4-7

Altars:
Fedhas

Annotations:
D:5 Pikel


Innate Abilities, Weirdness & Mutations

You do not eat or drink.
You are immune to poison.
Your flesh is cold resistant. (rC+)
Your body sometimes deteriorates upon taking damage.
You are immune to negative energy. (rN+++)
You are immune to unholy pain and torment.
You can survive without breathing.
When hurt, damage is shared between your health and your magic reserves.
Your movements are slightly less encumbered by armour. (ER -2)
Casting spells heals you.


Message History

A slave comes into view.
The slave shouts!
The slave hits you. The centaur closely misses you. The centaur hits you.
The slave hits you. The centaur misses you. Pikel misses you.
The centaur misses you.
You hit the slave but do no damage. The centaur closely misses you.
The slave closely misses you. x3; Pikel hits you but does no damage.
The centaur closely misses you.
You closely miss Pikel. The centaur barely misses you.
The slave barely misses you. The slave hits you. x2
Pikel hits you with a +1 whip of flaming.
* * * LOW HITPOINT WARNING * * *
Pikel burns you.
* * * LOW HITPOINT WARNING * * *
The centaur hits you but does no damage.
You barely miss Pikel. The slave barely misses you. The slave hits you.
* * * LOW HITPOINT WARNING * * *
The slave barely misses you.
Pikel hits you with a +1 whip of flaming.
You die...

### ### ## #.. ...
.. #)# #.# .# #.#
#.# .# #.# #.# .#
#.##.###.####.###
#...<...p@p..>..#.#
#.##$#.#Kpc.......#
#.#.#.p###.#.###
#.#.#..# .# #
#.#.#..# .#
......(# .#
#....... .#
###.#.#. ## #...


You could see Pikel, 4 slaves and a centaur.

Vanquished Creatures
  A howler monkey skeleton (D:3)
  A shadow imp (D:4)
  2 oozes
  2 worms (D:2)
  3 dart slugs
  3 leopard geckos
  An orc (D:3)
  4 bats
  2 giant cockroaches
  7 hobgoblins
  15 kobolds
  5 frilled lizards
  6 goblins
  4 rats
56 creatures vanquished.

Notes
Turn   | Place    | Note
-------+----------+-------------------------------------------
     0 | D:1      | funkygono the Skeleton Gladiator began the quest for the
                  | Orb.
     0 | D:1      | Reached XP level 1. HP: 12/12 MP: 1/1
   152 | D:1      | Reached XP level 2. HP: 17/17 MP: 2/2
   190 | D:1      | Reached skill level 4 in Staves
   676 | D:2      | Reached XP level 3. HP: 21/21 MP: 3/3
  1489 | D:3      | Reached XP level 4. HP: 22/27 MP: 4/4
  1626 | D:3      | Found a blossoming altar of Fedhas.
  1899 | D:3      | Reached skill level 5 in Staves
  2170 | D:5      | Entered Level 5 of the Dungeon
  2173 | D:5      | Noticed a slave
  2173 | D:5      | Noticed a slave
  2173 | D:5      | Noticed Pikel
  2176 | D:5      | Noticed a centaur
  2177 | D:5      | Noticed a slave
  2178 | D:5      | Noticed a slave
  2186 | D:5      | Slain by Pikel

Skill      XL: |  1  2  3  4 |
---------------+-------------+-----
Staves         | 4 5 |  5.2
Fighting       | |  2.6
Throwing       | |  1.9
Dodging        | |  3.6
Stealth        | |  0.1

Action                   |  1- 3 |  4- 6 || total
-------------------------+-------+-------++-------
Melee: Quarterstaff      |    98 |    47 ||   145
  Use: Scroll            |     5 |       ||     5
Armor: Leather armour    |    23 |    20 ||    43
Dodge: Dodged            |    72 |    34 ||   106
